 Dungeon Crawl Stone Soup version 0.25-a0-589-g1e14c549ee (webtiles) character file.

Game seed: 9536161800432491060, levelgen mode: deterministic

504 Eurus the Chiller (level 6, -16/43 HPs)
             Began as a Demonspawn Ice Elementalist on Mar 11, 2020.
             Demolished by a two-headed ogre
             ... wielding a +0 giant club
              (17 damage)
             ... on level 5 of the Dungeon.
             The game lasted 00:14:33 (5611 turns).

Eurus the Chiller (Demonspawn Ice Elementalist)     Turns: 5611, Time: 00:14:33

Health: -16/43     AC:  5    Str:  9    XL:     6   Next: 96%
Magic:  5/13       EV: 12    Int: 18    God:
Gold:   169        SH:  0    Dex: 13    Spells: 7/14 levels left

rFire    . . .     SeeInvis .   p - +2 mace (vorpal)
rCold    + . .     Gourm    .   (no shield)
rNeg     . . .     Faith    .   q - +2 animal skin
rPois    .         Spirit   .   (no helmet)
rElec    .         Reflect  .   (no cloak)
rCorr    .         Harm     .   l - +0 pair of gloves
MR       .....                  (no boots)
Stlth    ++........             (no amulet)
HPRegen  0.14/turn              (no ring)
MPRegen  0.13/turn              (no ring)

@: no status effects
A: claws 1, cold resistance 1
a: no special abilities


You were on level 5 of the Dungeon.
You were hungry.

You visited 1 branch of the dungeon, and saw 5 of its levels.

You collected 169 gold pieces.

Inventory:

Hand Weapons
 a - a +2 dagger of freezing
 p - a +2 vorpal mace (weapon)
Armour
 l - a +0 pair of gloves (worn)
 o - a +0 buckler
 q - a +2 animal skin (worn)
Jewellery
 i - a cursed ring of attention {unknown}
Wands
 s - a wand of paralysis (8)
Scrolls
 e - 3 scrolls of remove curse {unknown}
 h - a scroll of blinking {unknown}
 j - a scroll of enchant weapon {unknown}
 k - a scroll of magic mapping {unknown}
 m - 3 scrolls of identify {unknown}
 n - a scroll of random uselessness {unknown}
Potions
 b - a potion of degeneration {unknown}
 d - a potion of flight {unknown}
 f - a potion of curing {unknown}
 g - a potion of cancellation {unknown}
 r - 2 potions of stabbing {unknown}
Comestibles
 c - 4 rations


   Skills:
 - Level 1.2 Fighting
 - Level 1.7 Dodging
 - Level 1.7 Stealth
 * Level 0.3 Shields
 + Level 4.7 Spellcasting
 + Level 1.2 Charms
 * Level 5.8 Ice Magic


You had 7 spell levels left.
You knew the following spells:

 Your Spells              Type           Power        Failure   Level  Hunger
a - Freeze                Ice            ####         1%          1    None
b - Frozen Ramparts       Ice            ####..       3%          3    ###....
c - Ozocubu's Armour      Chrm/Ice       ###.....     10%         3    ###....

Your spell library contained the following spells:

 Spells                   Type           Power        Failure   Level  Hunger
 Infusion                 Chrm           #...         9%          1    None
 Song of Slaying          Chrm           #.......     12%         2    #......
 Shroud of Golubria       Chrm/Tloc      #.....       16%         2    #......
 Spectral Weapon          Hex/Chrm       #.......     32%         3    ###....
 Hailstorm                Conj/Ice       ##......     38%         4    ####...
 Summon Ice Beast         Ice/Summ       ##......     38%         4    ####...


Dungeon Overview and Level Annotations

Branches:
Dungeon (5/15)
 Temple: D:4-7

Altars:
Ashenzari

Annotations:
D:3 Grinder, Sigmund


Innate Abilities, Weirdness & Mutations

You have sharp fingernails.
Your flesh is cold resistant. (rC+)


Message History

The two-headed ogre barely misses you. The two-headed ogre misses you.
Casting: Freeze (safe; 1% risk of failure)
Confirm with . or Enter, or press ? or * to list all spells.
Aiming: Freeze (safe; 1% risk of failure)
Press: ? - help, Shift-Dir - straight line, f/p - two-headed ogre
Aim: a two-headed ogre, wielding two +0 giant clubs (heavily wounded)
You freeze the two-headed ogre.
The two-headed ogre is heavily wounded.
The two-headed ogre barely misses you. The two-headed ogre closely misses you.
Casting: Freeze (safe; 1% risk of failure)
Confirm with . or Enter, or press ? or * to list all spells.
Aiming: Freeze (safe; 1% risk of failure)
Press: ? - help, Shift-Dir - straight line, f/p - two-headed ogre
Aim: a two-headed ogre, wielding two +0 giant clubs (heavily wounded)
You freeze the two-headed ogre!
The two-headed ogre is severely wounded.
The two-headed ogre hits you with a +0 giant club.
* * * LOW HITPOINT WARNING * * *
The two-headed ogre hits you with a +0 giant club!
You die...

..####..... #........#
########## #........#
#........# #........#
#.....<..# ###........#
######...# .......#####
##...##...# .......#...#
#.....#...# .......#...
#.....#...# .......#...
#.@...#...# .......##.#
##O..##...#
##......#.######...##...#
#......#......#........#
#......'......#........#
#......#......#........#
#......#..##.##.####...#
#.(....#..##.##.## #...#
#......#.........# ....#


You could see a two-headed ogre.

Vanquished Creatures
  A sky beast (D:3)
  A bullfrog (D:2)
  A bullfrog skeleton (D:4)
  An iguana (D:4)
  Terence (D:3)
  Natasha (D:4)
  Robin (D:3)
  11 gnolls
  2 adders
  A shadow imp (D:4)
  An ooze (D:2)
  2 worms
  3 dart slugs (D:1)
  A leopard gecko (D:2)
  2 ball pythons (D:2)
  5 giant cockroaches
  14 goblins
  9 hobgoblins
  4 jackals (D:3)
  A quokka (D:4)
  10 bats
  5 frilled lizards
  6 kobolds
  A quokka skeleton (D:4)
  6 rats
91 creatures vanquished.

Notes
Turn   | Place    | Note
-------+----------+-------------------------------------------
     0 | D:1      | Eurus the Demonspawn Ice Elementalist began the quest for
                  | the Orb.
     0 | D:1      | Reached XP level 1. HP: 13/13 MP: 3/3
   302 | D:1      | Gained mutation: Your flesh is cold resistant. (rC+)
                  | [demonic ancestry]
   302 | D:1      | Reached XP level 2. HP: 19/19 MP: 1/5
   866 | D:1      | Reached skill level 4 in Ice Magic
  1406 | D:1      | Gained mutation: You have sharp fingernails. [demonic
                  | ancestry]
  1406 | D:1      | Reached XP level 3. HP: 24/24 MP: 5/7
  2036 | D:2      | Found a faded altar of an unknown god.
  2635 | D:3      | Noticed a bullfrog
  2635 | D:3      | Noticed a phantom
  2720 | D:2      | Killed a bullfrog
  2720 | D:2      | Reached XP level 4. HP: 4/30 MP: 1/9
  2828 | D:3      | Noticed Sigmund
  2829 | D:3      | Noticed Terence
  2975 | D:3      | Noticed a sky beast
  2976 | D:3      | Noticed Robin
  3192 | D:2      | Learned a level 3 spell: Frozen Ramparts
  3259 | D:3      | Found a shattered altar of Ashenzari.
  3370 | D:3      | Killed a sky beast
  3370 | D:3      | Reached skill level 5 in Ice Magic
  3370 | D:3      | Reached XP level 5. HP: 23/35 MP: 3/11
  3636 | D:3      | Killed Robin
  3781 | D:3      | Reached XP level 6. HP: 41/41 MP: 8/12
  3820 | D:3      | Noticed Grinder
  3850 | D:2      | Learned a level 3 spell: Ozocubu's Armour
  4121 | D:3      | Killed Terence
  4603 | D:4      | Reached skill level 1 in Fighting
  4604 | D:4      | Reached skill level 1 in Charms
  5206 | D:4      | Noticed Natasha
  5213 | D:4      | Killed Natasha
  5529 | D:5      | Entered Level 5 of the Dungeon
  5576 | D:5      | Noticed a two-headed ogre
  5611 | D:5      | HP: 1/43 [two-headed ogre/+0 giant club (2)]
  5611 | D:5      | Demolished by a two-headed ogre

Levels and vault maps discovered:
D:1:      lemuel_arrival_broad_hall, layout_loops_corners, st_stairs_3
D:2:      layout_loops_corners, chequers_ecumenical_altar_simple,
          skrybe_limestone_x
D:3:      layout_loops_ring, chequers_serial_rivers_large_a, ashenzari_altar_1,
          uniq_robin, uniq_sigmund, uniq_terence, uniq_grinder
D:4:      layout_basic, uniq_natasha
D:5:      layout_gridville, first_ration, uniq_blork_the_orc

Skill      XL: |  1  2  3  4  5  6 |
---------------+-------------------+-----
Ice Magic      | 4 5 |  5.8
Spellcasting   | 3 4 |  4.7
Fighting       | 1 |  1.2
Charms         | 1 |  1.2
Dodging        | |  1.7
Stealth        | |  1.7
Shields        | |  0.3

Action                   |  1- 3 |  4- 6 || total
-------------------------+-------+-------++-------
Melee: Dagger            |    56 |     4 ||    60
       Mace              |       |    63 ||    63
 Cast: Freeze            |    53 |    46 ||    99
       Frozen Ramparts   |       |    10 ||    10
 Stab: Sleeping          |     3 |       ||     3
  Eat: Chunk             |     5 |     3 ||     8
       Ration            |       |     2 ||     2
Armor: Robe              |    10 |    22 ||    32
       Animal skin       |       |    36 ||    36
Dodge: Dodged            |    55 |   113 ||   168

Table legend:
 A = Non-vault XP
 B = Vault XP
 C = Vault XP percentage of total XP
 D = Non-vault monster count
 E = Vault monster count
 F = Vault count percentage of total count
                 A         B        C        D         E       F
            +---------+---------+-------+---------+---------+-------
      Total |     612 |     109 |  15.1 |      75 |      16 |  17.6
            +---------+---------+-------+---------+---------+-------
        D:1 |      37 |       6 |  14.0 |      18 |       4 |  18.2
        D:2 |     139 |       7 |   4.8 |      18 |       4 |  18.2
        D:3 |     284 |      61 |  17.7 |      30 |       7 |  18.9
        D:4 |     152 |      35 |  18.7 |       9 |       1 |  10.0
            +---------+---------+-------+---------+---------+-------
